 Dungeon Crawl Stone Soup version 0.23-b1-59-g586d0d887c (webtiles) character file.

Game seed: 7891351243214248046

318709 KamiKatze the Wrestler (level 21, -8/189 HPs)
             Began as a Ghoul Monk on Feb 3, 2019.
             Was the Champion of Ru.
             Killed from afar by a lich (36 damage)
             ... with a bolt of lightning
             ... on level 4 of the Abyss on Feb 4, 2019.
             The game lasted 04:22:17 (44100 turns).

KamiKatze the Wrestler (Ghoul Monk)                Turns: 44100, Time: 04:22:17

Health: -8/189     AC: 27    Str: 28      XL:     21   Next: 46%
Magic:  14/20      EV: 13    Int:  4 (5)  God:    Ru [******]
Gold:   2378       SH: 15    Dex: 10 (11) Spells: 20/20 levels left

rFire    + . .     SeeInvis +     - Unarmed
rCold    + + .     Gourm    .   k - +0 shield
rNeg     + + +     Faith    .   G - +7 chain mail "Eraley" {Str+3}
rPois    ∞         Spirit   .   Q - +2 helmet {SInv}
rElec    .         Reflect  .   c - scarf {rC+ rF+}
rCorr    .         Harm     .   M - +3 pair of gauntlets of War {Slay+5}
MR       ++...                  (no boots)
Stlth    ..........             m - amulet of regeneration
HPRegen  0.00/turn              i - +4 ring of evasion
MPRegen  0.17/turn              J - ring of protection from magic

@: exhausted, about to teleport, very slightly contaminated, rotting, drained
A: rotting body, claws 1, carnivore, cold resistance 1, negative energy
resistance 3, screaming 1, inhibited regeneration, torment resistance,
unbreathing, no stealth, inability to use devices, hated by all, inability to
train dodging, no conjurations magic, no ice magic, no transmutations magic
}: 2/15 runes: decaying, gossamer
a: Draw Out Power, Power Leap, Apocalypse, Renounce Religion


You were on level 4 of the Abyss.
You worshipped Ru.
Ru was exalted by your worship.
You were not hungry.

You visited 8 branches of the dungeon, and saw 36 of its levels.
You visited the Abyss 1 time.
You also visited: Gauntlet and Ice Cave.

You collected 4307 gold pieces.
You spent 1929 gold pieces at shops.

Inventory:

Hand Weapons
 w - a +2 falchion of flaming
 O - a +0 broad axe of freezing
Missiles
 o - 18 javelins of penetration
 r - 36 tomahawks (quivered)
 D - 5 poisoned tomahawks
 I - a throwing net
Armour
 c - a scarf of resistance (worn)
 g - a +2 cloak
 k - a +0 shield (worn)
 G - the +7 chain mail "Eraley" (worn) {Str+3}
   (You found it on level 2 of the Swamp)

   It affects your strength (+3).
 L - a +2 helmet of intelligence
 M - the +3 pair of gauntlets of War (worn) {Slay+5}
   (You found it in an ice cave)

   It affects your accuracy and damage with ranged weapons and melee attacks
   (+5).
 Q - a +2 helmet of see invisible (worn)
Jewellery
 i - a +4 ring of evasion (left hand)
 l - a +3 ring of protection
 m - an amulet of regeneration (around neck)
 p - an uncursed ring of ice
 u - the ring "Woic" {Str+2 SInv}
   (You bought it in a shop on level 2 of the Orcish Mines)

   [ring of see invisible]

   It affects your strength (+2).
   It lets you see invisible.
 A - a +5 ring of strength
 B - an uncursed ring of fire
 E - an uncursed ring of resist corrosion
 J - a ring of protection from magic (right hand)
Scrolls
 a - 9 scrolls of magic mapping
 d - 19 scrolls of remove curse
 e - 16 scrolls of teleportation
 h - 3 scrolls of blinking
 n - 2 scrolls of fear
 s - 3 scrolls of fog
 y - 12 scrolls of identify
 F - 4 scrolls of enchant armour
 H - 2 scrolls of torment
 K - 5 scrolls of immolation
 N - a scroll of enchant weapon
 P - a scroll of amnesia
Potions
 f - 12 potions of curing
 j - 5 potions of haste
 q - 7 potions of agility
 t - a potion of cancellation
 v - 4 potions of ambrosia
 x - 5 potions of flight
 z - 5 potions of might
Comestibles
 b - 68 rations


   Skills:
 + Level 16.3(14.8) Fighting
 - Level 2.0(0.9) Long Blades
 + Level 13.8(12.3) Armour
 * Level 18.5(16.9) Shields
 * Level 21.8(20.1) Unarmed Combat


You had 20 spell levels left.
You didn't know any spells.
Your spell library contained the following spells:

 Spells                   Type           Power        Failure   Level  Hunger
 Confusing Touch          Hex            #.....       91%         1    ##.....
 Corona                   Hex            #......      91%         1    ##.....
 Poisonous Vapours        Pois/Air       #.....       97%         2    ###....
 Slow                     Hex            #.......     97%         2    ###....
 Confuse                  Hex            #.......     100%        3    ####...
 Gell's Gravitas          Tloc           #.........   100%        3    ####...
 Inner Flame              Hex/Fire       #.......     100%        3    ####...
 Portal Projectile        Hex/Tloc       #.....       100%        3    ####...
 Cause Fear               Hex            #.........   100%        4    #####..
 Leda's Liquefaction      Hex/Erth       #.........   100%        4    #####..
 Dispel Undead            Necr           #.......     100%        5    ######.
 Dispersal                Tloc           #.........   100%        6    #######
 Ring of Flames           Chrm/Fire      #.........   100%        7    #######
 Controlled Blink         Tloc           N/A          100%        8    #######
 Disjunction              Tloc           #.........   100%        8    #######
 Flame Tongue             Conj/Fire      Unusable     N/A         1    N/A
 Conjure Flame            Conj/Fire      Unusable     N/A         3    N/A
 Dazzling Spray           Conj/Hex       Unusable     N/A         3    N/A
 Mephitic Cloud           Conj/Pois/Air  Unusable     N/A         3    N/A
 Ozocubu's Armour         Chrm/Ice       Unusable     N/A         3    N/A
 Force Lance              Conj/Tloc      Unusable     N/A         4    N/A
 Ice Form                 Ice/Tmut       Unusable     N/A         4    N/A
 Petrify                  Tmut/Erth      Unusable     N/A         4    N/A
 Throw Icicle             Conj/Ice       Unusable     N/A         4    N/A
 Bolt of Magma            Conj/Fire/Erth Unusable     N/A         5    N/A
 Iskenderun's Battlesphe  Conj/Chrm      Unusable     N/A         5    N/A
 Metabolic Englaciation   Hex/Ice        Unusable     N/A         5    N/A
 Venom Bolt               Conj/Pois      Unusable     N/A         5    N/A
 Yara's Violent Unravell  Hex/Tmut       Unusable     N/A         5    N/A
 Bolt of Cold             Conj/Ice       Unusable     N/A         6    N/A
 Freezing Cloud           Conj/Ice/Air   Unusable     N/A         6    N/A
 Iron Shot                Conj/Erth      Unusable     N/A         6    N/A
 Ozocubu's Refrigeration  Ice            Unusable     N/A         6    N/A
 Simulacrum               Ice/Necr       Unusable     N/A         6    N/A
 Orb of Destruction       Conj           Unusable     N/A         7    N/A
 Spellforged Servitor     Conj/Summ      Unusable     N/A         7    N/A

Dungeon Overview and Level Annotations

Branches:
Dungeon (15/15)            Temple (1/1) D:5            Lair (6/6) D:9
  Swamp (4/4) Lair:4       Spider (4/4) Lair:2        Slime (0/5) Lair:6
    Orc (2/2) D:9             Elf (2/3) Orc:2        Vaults (2/5) D:14
 Depths (0/5) D:15
  Crypt: Vaults:2-3

Altars:
Ashenzari
Cheibriados
Dithmenos
Elyvilon
Fedhas
Gozag
Hepliaklqana
Kikubaaqudgha
Makhleb
Nemelex Xobeh
Okawaru
Qazlal
Ru
Sif Muna
Trog
Uskayaw
Vehumet
Wu Jian
Xom
Yredelemnul
Zin
The Shining One
Beogh
Jiyva

Shops:
D:4 *   D:7 [   D:14 *   D:15 [   Orc:2 ([=}   Elf:1 *   Elf:2 :(

Annotations:
D:10 2 transporters,, 1994's ghost, journeyman DrTm
Spider:3 1 runed translucent door, Vuykkinei's ghost, adept TrBe
Elf:2 exclusion: Roxanne, Roxanne
Vaults:2 Mennas!!, Mennas


Innate Abilities, Weirdness & Mutations

Your body is rotting away.
You thrive on raw meat.
You are immune to poison.
You have sharp fingernails.
You are carnivorous and can eat meat at any time.
Your flesh is cold resistant. (rC+)
You are immune to negative energy. (rN+++)
You occasionally shout uncontrollably at your foes.
You do not regenerate when monsters are visible.
You are immune to unholy pain and torment.
You can survive without breathing.
You cannot be stealthy.
You cannot study or use magical devices.
You are hated by all.
You cannot train Dodging skill.
You cannot study or cast Conjurations magic.
You cannot study or cast Ice magic.
You cannot study or cast Transmutations magic.


Message History

The thrashing horror begins to attack, but is stunned by your will! x2
You block the thrashing horror's attack. x2
The neqoxec gestures at you.
Something tries to feed on your intellect!
The thrashing horror roars!
The thrashing horror tramples you!
* * * LOW HITPOINT WARNING * * *
You hold your ground!
The thrashing horror tramples you but does no damage.
The thrashing horror tramples you!
* * * LOW HITPOINT WARNING * * *
You hold your ground!
You focus your will and paralyse the thrashing horror in retribution!
You block the thrashing horror's attack.
The neqoxec gestures.
You feel better.
The lich points at you and mumbles some strange words.
The bolt of lightning hits the thrashing horror!
The thrashing horror resists.
The bolt of lightning hits you!!!
You die...

# ...## .#..##
.#...# . .##.. #
. #.#..##.# #.
#.#§#@..### #.
#.#X#......# . .
#L.3.#.###..
.#..##§##X#5..###
..4...§§§§#...#
.## ##§##...#.#
## #.§##.#....
#.§...L.#..###.
*#.....#... # # .


You could see a lich, 2 thrashing horrors, a neqoxec and a crimson imp.

Vanquished Creatures
  Mara (Vaults:2)
  the Lernaean hydra (Swamp:3)
  Asterion (Elf:1)
  A tentacled starspawn (Abyss:4)
  Kirke (Lair:4)
  3 thorn hunters
  Donald (Elf:2)
  A frost giant (Vaults:1)
  3 vault wardens (Vaults:1)
  A deep elf sorcerer (Elf:1)
  3 emperor scorpions
  2 ghost moths (Spider:4)
  Louise (Swamp:1)
  2 ironheart preservers
  A stone giant (Orc:2)
  A very ugly thing (Swamp:2)
  3 entropy weavers
  A lorocyproca (Abyss:4)
  A deep elf annihilator (Vaults:1)
  A dire elephant (Lair:6)
  3 spark wasps (Spider:4)
  A minotaur (Gauntlet)
  3 blizzard demons
  Josephine (Spider:1)
  A deep elf death mage (Vaults:1)
  A fire dragon (Vaults:1)
  5 yaktaur captains (Vaults:1)
  Erolcha (Orc:1)
  Fannar (D:12)
  A rakshasa (Vaults:2)
  Harold (D:7)
  24 hydras
  An ice dragon (Swamp:4)
  3 ghost crabs
  2 shambling mangroves
  5 vault guards (D:14)
  16 two-headed ogres
  15 dancing weapons
  Erica (D:8)
  7 centaur warriors
  6 tengu warriors
  9 alligators
  A death knight (D:13)
  5 death yaks (Lair:6)
  4 ogre magi
  2 queen ants
  7 orc high priests (Orc:2)
  6 deep elf knights
  Sonja (D:10)
  2 wretched stars (Abyss:4)
  A skeletal warrior (D:13)
  12 spriggans
  2 spriggan druids
  2 glowing orange brains
  4 unseen horrors
  13 deep elf archers
  A flayed ghost (Vaults:1)
  6 swamp dragons
  Pikel (D:3)
  A lindwurm (shapeshifter) (D:15)
  A phantasmal warrior (D:13)
  6 ironbrand convokers
  37 deep elf magi
  33 wolf spiders
  6 orc knights
  2 manticores
  10 cyclopes
  2 orc sorcerers (D:15)
  29 orb spiders
  22 ugly things
  6 moths of wrath
  14 elephants
  Psyche (D:7)
  2 smoke demons
  3 torpor snails
  4 vault sentinels
  3 black mambas (Lair:6)
  A guardian serpent (Lair:6)
  An orange demon (Abyss:4)
  17 spiny frogs
  An ice statue (IceCv)
  A gargoyle (D:15)
  6 freezing wraiths
  2 rime drakes
  A kobold demonologist (D:15)
  9 yaktaurs
  11 demonic crawlers
  A tengu conjurer (D:15)
  2 anaconda simulacra (IceCv)
  5 komodo dragons
  A redback zombie (D:13)
  49 jumping spiders
  A red devil (Gauntlet)
  A queen bee (D:13)
  9 ice devils
  3 golden dragon simulacra (IceCv)
  3 trolls
  9 meliai
  22 tyrant leeches
  27 hornets
  2 wolf spider simulacra (IceCv)
  10 polar bears
  A harpy skeleton (D:14)
  8 hippogriffs
  2 dream sheep (D:8)
  8 bog bodies
  19 slime creatures
  23 blink frogs
  13 raiju
  3 starcursed masses (Abyss:4)
  6 air elementals
  6 humans (D:14)
  20 tarantellas
  5 centaur simulacra
  2 dire elephant simulacra (IceCv)
  4 shadows
  79 redbacks
  30 yaks
  14 wyverns
  3 vampires
  3 fire elementals
  2 hungry ghosts
  2 large abominations (Abyss:4)
  5 basilisks
  8 wraiths
  Grum (D:8)
  2 hogs (Lair:4)
  18 vampire mosquitoes
  2 death yak simulacra (IceCv)
  Menkaure (D:5)
  4 harpy simulacra (IceCv)
  9 swamp worms
  A yaktaur simulacrum (Vaults:2)
  12 wargs
  17 insubstantial wisps
  2 iron troll simulacra (IceCv)
  4 hydra simulacra (IceCv)
  11 soldier ants
  A swamp worm (shapeshifter) (Vaults:2)
  An acid dragon (D:11)
  14 water moccasins
  12 hell hounds (Lair:6)
  14 porcupines
  21 orc warriors
  6 sky beasts
  9 swamp drakes
  16 black bears
  An ettin simulacrum (IceCv)
  An eye of draining (D:13)
  4 ice beasts
  3 slaves
  48 wolves
  A hornet zombie (D:13)
  6 phantoms
  5 boggarts (D:14)
  31 ogres
  20 centaurs
  12 crocodiles
  6 big kobolds
  A small abomination (Abyss:4)
  4 earth elementals
  14 bullfrogs
  A wyvern skeleton (D:12)
  5 scorpions
  25 killer bees
  10 howler monkeys
  3 wights (D:11)
  9 electric eels
  A bullfrog zombie (D:13)
  13 crimson imps
  5 centaur zombies
  2 draconian simulacra (IceCv)
  2 jellies
  30 orc priests
  3 hounds
  23 orc wizards
  A quasit (D:14)
  2 bullfrog skeletons
  6 centaur skeletons
  Ijyb (D:5)
  35 worker ants
  2 iguanas
  5 troll simulacra (IceCv)
  A spriggan simulacrum (IceCv)
  2 hound zombies
  A hound skeleton (D:5)
  A worker ant zombie (D:6)
  A howler monkey zombie (D:9)
  4 gnolls
  A howler monkey skeleton (D:4)
  16 adders
  3 naga simulacra (IceCv)
  2 ogre simulacra (IceCv)
  6 shadow imps
  4 white imps (IceCv)
  5 ufetubi (IceCv)
  An ooze (D:3)
  2 adder zombies
  An adder skeleton (D:7)
  3 worms
  3 dart slugs
  2 leopard geckos
  83 orcs
  5 bats
  4 giant cockroaches
  5 goblins
  3 hobgoblins
  14 jackals
  8 kobolds
  7 quokkas
  3 frilled lizards
  A quokka zombie (D:5)
  5 rats
  3 briar patches (Swamp:3)
  A fungus (Lair:6)
  2 plants
  A starspawn tentacle (Abyss:4)
1574 creatures vanquished.

Vanquished Creatures (others)
  2 thorn hunters
  A vault warden (Vaults:1)
  An entropy weaver (Spider:4)
  A hydra (Swamp:4)
  A dancing weapon (Elf:2)
  A thrashing horror (Abyss:4)
  A wizard (Vaults:1)
  A spriggan druid (Swamp:4)
  A deep elf archer (Elf:2)
  An orc sorcerer (Orc:2)
  A black mamba (Lair:1)
  A spiny frog (Lair:6)
  2 demonic crawlers
  A hornet (Swamp:1)
  A tyrant leech (Swamp:4)
  A slime creature (Swamp:1)
  A redback (Lair:6)
  A tarantella (Spider:3)
  A yak (Lair:6)
  A small abomination (Abyss:4)
  A human (D:14)
  A harpy simulacrum (IceCv)
  An insubstantial wisp (Swamp:2)
  A water moccasin (Lair:3)
  A wolf (Lair:6)
  An earth elemental (Spider:3)
  A bullfrog (D:12)
  2 orc priests
  A worker ant (Lair:1)
  An orc (Orc:2)
  A demonic plant (Gauntlet)
  23 fungi
  53 plants
  A starspawn tentacle (Abyss:4)
  8 toadstools (Swamp:1)
119 creatures vanquished.

Grand Total: 1693 creatures vanquished

Notes
Turn   | Place    | Note
-------+----------+-------------------------------------------
     0 | D:1      | KamiKatze the Ghoul Monk began the quest for the Orb.
     0 | D:1      | Reached XP level 1. HP: 19/19 MP: 0/0
   197 | D:1      | Reached XP level 2. HP: 25/26 MP: 1/1
   822 | D:2      | Reached XP level 3. HP: 16/31 MP: 2/2
   998 | D:2      | Reached skill level 4 in Unarmed Combat
  1107 | D:2      | Found a bloodstained altar of Trog.
  1108 | D:2      | Found an iron altar of Okawaru.
  1646 | D:3      | Reached XP level 4. HP: 40/40 MP: 3/3
  1841 | D:3      | Found a stormy altar of Qazlal.
  1856 | D:3      | Reached skill level 1 in Armour
  2552 | D:3      | Reached XP level 5. HP: 46/46 MP: 4/4
  2765 | D:4      | Noticed a slave
  2769 | D:4      | Noticed a slave
  2769 | D:4      | Noticed Pikel
  2801 | D:3      | Reached skill level 5 in Unarmed Combat
  2911 | D:4      | Reached XP level 6. HP: 27/53 MP: 5/5
  3119 | D:4      | Found Pudim's General Store.
  3264 | D:4      | Killed a slave
  3403 | D:4      | Noticed a slave
  3420 | D:4      | Noticed a slave
  3432 | D:3      | Killed a slave
  3741 | D:3      | Killed Pikel
  3741 | D:3      | Reached skill level 5 in Fighting
  3741 | D:3      | Reached skill level 6 in Unarmed Combat
  3741 | D:3      | Reached XP level 7. HP: 39/61 MP: 6/6
  3994 | D:5      | Entered Level 5 of the Dungeon
  4026 | D:5      | Found a staircase to the Ecumenical Temple.
  4039 | D:5      | Reached skill level 7 in Unarmed Combat
  4039 | D:5      | Reached XP level 8. HP: 35/69 MP: 7/7
  4053 | Temple   | Entered the Ecumenical Temple
  4305 | D:5      | Noticed Menkaure
  4386 | D:5      | Reached skill level 1 in Shields
  4449 | D:5      | Killed Menkaure
  4656 | D:5      | Noticed Ijyb
  4672 | D:5      | Killed Ijyb
  4731 | D:5      | Found a snail-covered altar of Cheibriados.
  4788 | D:5      | Found a sacrificial altar of Ru.
  4798 | D:5      | Became a worshipper of Ru the Awakened
  4807 | D:5      | Gained mutation: You cannot study or cast Ice magic. [Ru
                  | sacrifice]
  4807 | D:5      | Gained mutation: You cannot study or cast Transmutations
                  | magic. [Ru sacrifice]
  4807 | D:5      | Gained mutation: You cannot study or cast Conjurations
                  | magic. [Ru sacrifice]
  4807 | D:5      | Reached * piety under Ru
  4811 | D:5      | Reached skill level 5 in Dodging
  4818 | D:5      | Reached skill level 8 in Unarmed Combat
  4826 | D:5      | Reached XP level 9. HP: 47/75 MP: 8/8
  5607 | D:7      | Noticed Harold
  5667 | D:7      | Killed Harold
  5667 | D:7      | Reached skill level 9 in Unarmed Combat
  5815 | D:7      | Found Matromp's Antique Armour Boutique.
  6169 | D:7      | Reached skill level 5 in Shields
  6169 | D:7      | Reached XP level 10. HP: 86/86 MP: 9/9
  6188 | D:7      | Noticed a two-headed ogre
  6197 | D:7      | Killed a two-headed ogre
  6225 | D:7      | Reached skill level 5 in Armour
  6538 | D:8      | Noticed Erica
  6538 | D:8      | Noticed Grum
  6634 | D:8      | Noticed Psyche
  6760 | D:8      | Killed Erica
  6760 | D:8      | Reached skill level 10 in Unarmed Combat
  6781 | D:7      | Killed Psyche
  6967 | D:7      | Gained mutation: You cannot study or use magical devices.
                  | [Ru sacrifice]
  6967 | D:7      | Reached ** piety under Ru
  6967 | D:7      | Reached *** piety under Ru
  7062 | D:8      | Killed Grum
  7250 | D:8      | Found a shimmering altar of Xom.
  7378 | D:8      | Noticed a three-headed hydra
  7394 | D:8      | Killed a one-headed hydra
  7394 | D:8      | Reached XP level 11. HP: 56/92 MP: 10/10
  7615 | D:9      | Reached skill level 11 in Unarmed Combat
  7644 | D:9      | Found a staircase to the Lair.
  8211 | D:9      | Found a staircase to the Orcish Mines.
  8312 | D:10     | Entered Level 10 of the Dungeon
  8335 | D:10     | Reached skill level 1 in Long Blades
  8336 | D:10     | Noticed Sonja
  8576 | D:10     | Found a transporter.
  8578 | D:10     | Found a transporter.
  8579 | D:10     | Noticed 1994's ghost (journeyman DrTm)
  8874 | D:10     | Killed Sonja
  8941 | D:10     | Gained mutation: You cannot train Dodging skill. [Ru
                  | sacrifice]
  8941 | D:10     | Reached **** piety under Ru
  8941 | D:10     | Reached ***** piety under Ru
  9221 | Lair:1   | Entered Level 1 of the Lair of Beasts
  9221 | Lair:1   | Noticed a five-headed hydra
  9472 | D:9      | Killed a one-headed hydra
  9573 | Lair:1   | Reached XP level 12. HP: 98/104 MP: 11/11
  9579 | Lair:1   | You fall through a shaft!
  9746 | Lair:1   | Noticed a five-headed hydra
  9752 | Lair:1   | Noticed a four-headed hydra
  9754 | Lair:1   | Killed a three-headed hydra
  9767 | Lair:1   | Killed a one-headed hydra
  9767 | Lair:1   | Reached skill level 12 in Unarmed Combat
 10453 | Lair:2   | Found a hole to the Spider Nest.
 10919 | Lair:2   | Noticed a queen ant
 10976 | Lair:1   | Killed a queen ant
 11595 | Lair:3   | Got a distressingly furry ring mail
 11606 | Lair:3   | Identified the +1 ring mail of Fortitude {rElec Int+3
                  | Stlth-} (You found it on level 3 of the Lair of Beasts)
 11828 | Lair:3   | Noticed a four-headed hydra
 11837 | Lair:3   | Killed a one-headed hydra
 11837 | Lair:3   | Reached skill level 13 in Unarmed Combat
 12392 | Lair:4   | Reached skill level 10 in Fighting
 12410 | Lair:4   | Found a staircase to the Swamp.
 12439 | Lair:4   | Reached XP level 13. HP: 99/113 MP: 12/12
 12516 | Lair:4   | Reached skill level 10 in Shields
 12926 | Lair:4   | Noticed Kirke
 12952 | Lair:4   | Killed Kirke
 13124 | Lair:5   | Found a gate leading to a gauntlet.
 13147 | Gauntlet | Entered a Gauntlet
 13147 | Gauntlet | Found a transporter.
 13147 | Gauntlet | Found a runed translucent gate.
 13147 | Gauntlet | Found a runed translucent gate.
 13149 | Gauntlet | Found a runed translucent gate.
 13162 | Gauntlet | Found a transporter.
 13164 | Gauntlet | Found a transporter.
 13172 | Gauntlet | Found a transporter.
 13175 | Gauntlet | Found a transporter.
 13182 | Gauntlet | Found a transporter.
 13199 | Gauntlet | Found a transporter.
 13203 | Gauntlet | Found a runed translucent door.
 13210 | Gauntlet | Found a transporter.
 13220 | Gauntlet | Found a transporter.
 13234 | Gauntlet | Noticed a blizzard demon
 13236 | Gauntlet | Found a transporter.
 13405 | Gauntlet | Found a transporter.
 13407 | Gauntlet | Found a transporter.
 13464 | Gauntlet | Found a transporter.
 13464 | Gauntlet | Found a transporter.
 13712 | Gauntlet | Killed a blizzard demon
 14001 | Gauntlet | Noticed a minotaur
 14010 | Gauntlet | Killed a minotaur
 14183 | Lair:5   | Reached skill level 14 in Unarmed Combat
 15300 | Orc:1    | Entered Level 1 of the Orcish Mines
 15314 | Orc:2    | Entered Level 2 of the Orcish Mines
 15510 | Orc:1    | Reached XP level 14. HP: 76/124 MP: 13/13
 15684 | Orc:1    | Noticed Erolcha
 15754 | Orc:1    | Identified the Collected Works on Congealing Black Secrets
 15808 | Orc:1    | Killed Erolcha
 16872 | Orc:2    | Noticed a stone giant
 16894 | Orc:2    | Killed a stone giant
 16894 | Orc:2    | Reached skill level 15 in Unarmed Combat
 17120 | Orc:2    | Found a staircase to the Elven Halls.
 17654 | Orc:2    | Found Hoogh's Antique Weapon Shop.
 17690 | Orc:2    | Found Siheynad's Armour Shoppe.
 17746 | Orc:2    | Upgraded the game from 0.23-b1-13-gf37ab262a9 to
                  | 0.23-b1-51-gfe822ef6ca
 17783 | Orc:2    | Found Qiareud's Jewellery Shop.
 17783 | Orc:2    | Found Miudwoli's Gadget Shoppe.
 18122 | Orc:2    | Found a roughly hewn altar of Beogh.
 18135 | Orc:2    | Bought the ring "Woic" {Str+2 SInv} for 419 gold pieces
 18559 | D:11     | Found a sparkling altar of Nemelex Xobeh.
 19722 | D:12     | Noticed Fannar
 19993 | D:12     | Killed Fannar
 20099 | D:12     | Reached XP level 15. HP: 132/132 MP: 14/14
 20790 | D:13     | Reached skill level 16 in Unarmed Combat
 20871 | D:13     | Reached XP level 16. HP: 139/139 MP: 15/15
 20917 | D:13     | Found a burning altar of Makhleb.
 21646 | D:14     | Found Honnuem's Assorted Antiques.
 21654 | D:14     | Bought a runed helmet for 322 gold pieces
 21747 | D:14     | Reached skill level 10 in Armour
 23053 | D:14     | Found a gate to the Vaults.
 23284 | D:15     | Entered Level 15 of the Dungeon
 23602 | D:15     | Found a staircase to the Depths.
 23620 | D:15     | Reached skill level 17 in Unarmed Combat
 23868 | D:15     | Reached XP level 17. HP: 132/147 MP: 16/16
 24330 | D:15     | Found Qaluc's Armour Emporium.
 24337 | D:15     | Bought a +2 chain mail of magic resistance for 236 gold
                  | pieces
 24856 | Lair:6   | Entered Level 6 of the Lair of Beasts
 25387 | Lair:6   | Found a viscous altar of Jiyva.
 25387 | Lair:6   | Found a staircase to the Slime Pits.
 25621 | Lair:6   | Reached skill level 15 in Shields
 26626 | Lair:6   | Reached skill level 18 in Unarmed Combat
 27349 | Orc:2    | Bought an uncursed amulet of regeneration for 480 gold
                  | pieces
 27501 | Swamp:1  | Entered Level 1 of the Swamp
 28303 | Swamp:1  | Reached XP level 18. HP: 144/159 MP: 17/17
 28358 | Swamp:1  | Noticed Louise
 28362 | Swamp:1  | Killed Louise
 29072 | Swamp:2  | Found a sparkling altar of Nemelex Xobeh.
 29147 | Swamp:2  | Got an encrusted chain mail
 29214 | Swamp:2  | Gained mutation: You cannot be stealthy. [Ru sacrifice]
 29925 | Swamp:3  | Identified the +7 chain mail "Eraley" {Str+3} (You found it
                  | on level 2 of the Swamp)
 30575 | Swamp:4  | Entered Level 4 of the Swamp
 30628 | Swamp:4  | Found a frozen archway.
 30654 | IceCv    | Entered an ice cave
 30723 | IceCv    | Reached skill level 19 in Unarmed Combat
 31547 | IceCv    | Found the +3 pair of gauntlets of War {Slay+5}
 31550 | IceCv    | Got a warped hat
 31607 | IceCv    | Identified the +2 hat "Urilea" {Dex+2} (You found it in an
                  | ice cave)
 31614 | Swamp:4  | Upgraded the game from 0.23-b1-51-gfe822ef6ca to
                  | 0.23-b1-59-g586d0d887c
 32455 | Swamp:3  | Gained mutation: You are hated by all. [Ru sacrifice]
 32612 | Swamp:4  | Noticed the 27-headed Lernaean hydra
 32622 | Swamp:3  | Killed the 27-headed Lernaean hydra
 32690 | Swamp:4  | Reached XP level 19. HP: 160/168 MP: 18/18
 32778 | Swamp:4  | Got a decaying rune of Zot
 33199 | Orc:2    | Bought an uncursed ring of resist corrosion for 320 gold
                  | pieces
 33357 | D:4      | Bought a scroll of enchant armour for 75 gold pieces
 33357 | D:4      | Bought a scroll of identify for 20 gold pieces
 33576 | Spider:1 | Entered Level 1 of the Spider Nest
 33879 | Spider:1 | Noticed Josephine
 33925 | Spider:1 | Killed Josephine
 34767 | Spider:2 | Gained mutation: You occasionally shout uncontrollably at
                  | your foes. [Ru sacrifice]
 34767 | Spider:2 | Reached ****** piety under Ru
 34915 | Spider:2 | Reached skill level 20 in Unarmed Combat
 35006 | Spider:2 | Got a brightly glowing chain mail
 35247 | Spider:2 | Identified the +1 chain mail "Bumub" {rN+ MP+9} (You found
                  | it on level 2 of the Spider Nest)
 35534 | Spider:3 | Reached skill level 15 in Fighting
 35721 | Spider:3 | Found a runed translucent door.
 35721 | Spider:3 | Noticed Vuykkinei's ghost (adept TrBe)
 36637 | Spider:4 | Entered Level 4 of the Spider Nest
 36970 | Spider:4 | Identified a scroll of acquirement
 37775 | Spider:4 | Reached XP level 20. HP: 178/178 MP: 19/19
 38362 | Spider:4 | Got a gossamer rune of Zot
 38682 | Vaults:1 | Entered Level 1 of the Vaults
 39560 | Vaults:1 | Reached skill level 21 in Unarmed Combat
 40641 | Vaults:2 | Noticed Mara
 40666 | Vaults:2 | Noticed KamiKatze's illusion
 40673 | Vaults:2 | Killed Mara
 41033 | Vaults:2 | Noticed Mennas
 41565 | Elf:1    | Entered Level 1 of the Elven Halls
 41809 | Elf:1    | Noticed Asterion
 41820 | Elf:1    | Killed Asterion
 42073 | Elf:1    | Reached XP level 21. HP: 187/188 MP: 20/20
 42199 | Elf:1    | Found Fihoo's General Store.
 42203 | Elf:1    | Bought a scroll of teleportation for 57 gold pieces
 42423 | Elf:1    | Identified Qaschaoxa's Almanac of Attacks
 42989 | Elf:2    | Found Tus Toank's Weapon Emporium.
 42994 | Elf:2    | Found Giemevvyon's Book Emporium.
 43006 | Elf:2    | Noticed Donald
 43031 | Elf:2    | Killed Donald
 43149 | Elf:2    | Identified Roxanne's Grimoire of Stones
 43149 | Elf:2    | Noticed Roxanne
 43493 | Elf:2    | Found a huge runed translucent gate.
 43493 | Elf:2    | Found a huge runed translucent gate.
 43493 | Elf:2    | Found a huge runed translucent gate.
 43499 | Elf:2    | Found a huge runed translucent gate.
 43499 | Elf:2    | Found a huge runed translucent gate.
 43772 | Elf:2    | Cast into level 4 of the Abyss (+1 halberd of distortion)
 44100 | Abyss:4  | Killed from afar by a lich

Skill      XL: |  1  2  3  4  5  6  7  8  9 10 11 12 13 14 15 16 17 18 19 20 |
---------------+-------------------------------------------------------------+-----
Dodging        | 3 4 5 6 0 |  0.0
Unarmed Combat | 4 5 6 7 8 9 10 11 13 14 15 16 17 18 19 20 21 | 21.8
Armour         | 1 3 4 5 6 7 8 9 10 11 12 13 | 13.8
Fighting       | 4 5 6 7 8 9 10 11 12 13 14 15 16 | 16.3
Shields        | 3 5 6 8 9 11 12 13 14 15 16 17 18 | 18.5
Long Blades    | 2 |  2.0
Stealth        | 0 |  0.0

Action                   |  1- 3 |  4- 6 |  7- 9 | 10-12 | 13-15 | 16-18 | 19-21 || total
-------------------------+-------+-------+-------+-------+-------+-------+-------++-------
Melee: Unarmed           |   127 |   259 |   244 |   901 |  1219 |  2277 |  1687 ||  6714
       Punch             |     3 |     5 |    10 |       |       |       |       ||    18
       Scimitar          |       |       |       |     4 |       |       |       ||     4
       Falchion          |       |       |       |    25 |    16 |     9 |       ||    50
Throw: Stone             |     6 |     1 |       |     1 |       |       |       ||     8
       Tomahawk          |       |     4 |       |     4 |     4 |     1 |       ||    13
       Throwing net      |       |       |       |     2 |       |       |       ||     2
Invok: Sacrifice Arcana  |       |       |     1 |       |       |       |       ||     1
       Sacrifice Artific |       |       |       |     1 |       |       |       ||     1
       Sacrifice Nimblen |       |       |       |     1 |       |       |       ||     1
       Reject Sacrifices |       |       |       |     1 |     1 |     1 |       ||     3
       Apocalypse        |       |       |       |       |     2 |     3 |     4 ||     9
       Draw Out Power    |       |       |       |       |     1 |       |       ||     1
       Power Leap        |       |       |       |       |     4 |     4 |     4 ||    12
       Sacrifice Stealth |       |       |       |       |       |     1 |       ||     1
       Sacrifice Love    |       |       |       |       |       |     1 |       ||     1
       Sacrifice Purity  |       |       |       |       |       |       |     1 ||     1
  Use: Scroll            |     4 |     1 |     9 |     8 |     8 |    11 |    13 ||    54
       Potion            |       |     1 |       |       |     2 |       |    11 ||    14
 Stab: Sleeping          |     2 |       |       |       |       |       |       ||     2
       Distracted        |       |       |     1 |     2 |     4 |    10 |     8 ||    25
       Invisible         |       |       |       |     3 |    11 |    13 |    13 ||    40
       Paralysed         |       |       |       |       |       |     6 |    12 ||    18
  Eat: Chunk             |    15 |    41 |    33 |   142 |   273 |   317 |   212 ||  1033
       Ration            |       |       |       |       |       |       |     1 ||     1
Armor: Leather armour    |    24 |       |       |       |       |       |       ||    24
       Scale mail        |     6 |    94 |    63 |   280 |       |       |       ||   443
       Ring mail         |       |       |       |     5 |    78 |       |       ||    83
       Plate armour      |       |       |       |       |   202 |   386 |       ||   588
       Chain mail        |       |       |       |       |       |   345 |   721 ||  1066
       Ice dragon scales |       |       |       |       |       |    33 |       ||    33
Dodge: Dodged            |    88 |   165 |   168 |   476 |   325 |   630 |   513 ||  2365
Block: Shield            |       |       |       |   505 |   549 |  1171 |   950 ||  3175
       Rpst.: Scimitar   |       |       |       |     1 |       |       |       ||     1
       Falchion          |       |       |       |     4 |       |       |       ||     4
